AoeStats
← RD | Omaradames

Arena

509995533Analyzed
1v1 RM · 2d ago on Sep 29, 2026· 36m 58s· 2 players
Game mode
Random Map
Map size
Tiny (2 player)
Population
200
Speed
Normal
Resources
Standard
Victory
Conquest
Starting age
Dark Age
Ending age
Imperial Age
RankedLock teamsTeams togetherTeam positionsShared explorationLock speedFull tech treeHidden civsTurbo modeCheats
Victory
Defeat
🇩🇪 Mongols · Germany
1298
+14
🇩🇴 Goths · Dominican Republic
1248
-14
Courtois1
9:53 Feudal Age
14:28 Castle Age
18:35 Horse Collar
18:49 Double-Bit Axe
22:28 Wheelbarrow
22:59 Bow Saw
23:00 Heavy Plow
23:30 Gold Mining
24:08 Hand Cart
25:43 Loom
25:46 Town Watch
28:44 Imperial Age
26:40 Forging
26:36 Scale Barding Armor
27:49 Gold Shaft Mining
27:06 Stone Mining
28:07 Iron Casting
29:12 Chain Barding Armor
28:58 Husbandry
29:08 Bloodlines
28:45 Elite Steppe Lancer
28:54 Capped Ram
29:54 Siege Ram
30:43 Siege Engineers
RD | Omaradames
0:48 Loom
11:17 Feudal Age
15:05 Castle Age
13:04 Double-Bit Axe
13:02 Horse Collar
24:05 Wheelbarrow
24:02 Bow Saw
23:56 Heavy Plow
26:29 Hand Cart
29:41 Imperial Age
27:35 Scale Mail Armor
27:45 Forging
27:52 Squires
27:15 Pikeman
27:48 Town Watch
28:17 Anarchy
28:21 Gold Mining
29:15 Chain Mail Armor
28:23 Man-at-Arms
29:44 Iron Casting
30:35 Perfusion
32:21 Blast Furnace
31:19 Stone Mining
31:26 Fletching
33:00 Two-Man Saw
33:38 Halberdier
35:35 Bodkin Arrow
Connection lost

Rejoining the realm…

Still unreachable

The connection could not be restored.

Session expired

The server has moved on; the page needs a fresh start.